TOP OF THE 1ST |
Vermont Lake Monsters batting - Pitching for Everett AquaSox : RHP Trevor Jacobsen
|
Pitching: RHP Trevor Jacobsen
|
|
Batting: RHB Josh Mauer
|
0-0: Called Strike 0-1: Ball 1-1: Ground out 4-3 (Groundball, 13, EV 83.8 MPH)
|
Batting: RHB Chris Temple
|
0-0: Ball 1-0: Ball 2-0: Called Strike 2-1: Ball 3-1: Called Strike 3-2: Foul Ball, location: 2F 3-2: Base on Balls
|
Batting: RHB Zachary Anderson
|
0-0: Ball 1-0: Ball 2-0: Ball 3-0: Base on Balls Chris Temple to second
|
Batting: LHB Brian Puccio
|
0-0: Ball 1-0: Ball 2-0: Called Strike 2-1: Foul Ball, location: 2F 2-2: Ball 3-2: Base on Balls Chris Temple to third Zachary Anderson to second
|
Batting: RHB Sean Gould
|
0-0: Ball 1-0: Swinging Strike 1-1: Called Strike 1-2: Strikes out swinging
|
Batting: RHB Chris Prinzing
|
0-0: Ball 1-0: Called Strike 1-1: Ball 2-1: Foul Ball, location: 2F 2-2: Ball 3-2: Strikes out swinging
|
Top of the 1st over - 0 runs, 0 hits, 0 errors, 3 left on base; Vermont 0 - Everett 0 |
BOTTOM OF THE 1ST |
Everett AquaSox batting - Pitching for Vermont Lake Monsters : RHP Kyle Rasor
|
Pitching: RHP Kyle Rasor
|
|
Batting: RHB Heihachiro Fujita
|
0-0: Ball 1-0: Called Strike 1-1: Foul Ball, location: 2F 1-2: Ball 2-2: Foul Ball, location: 2F 2-2: Strikes out swinging
|
Batting: RHB Eddie Luna
|
0-0: Called Strike 0-1: Ground out U3 (Groundball, 34, EV 81.9 MPH)
|
Batting: RHB Marco Diaz
|
0-0: Ball 1-0: Foul Ball, location: 2F 1-1: Foul Ball, location: 2F 1-2: Ball 2-2: Ball 3-2: Ground out 4-3 (Groundball, 34, EV 90.0 MPH)
|
Bottom of the 1st over - 0 runs, 0 hits, 0 errors, 0 left on base; Vermont 0 - Everett 0 |
TOP OF THE 2ND |
Vermont Lake Monsters batting - Pitching for Everett AquaSox : RHP Trevor Jacobsen
|
Batting: LHB Igor Ciobanu
|
0-0: Foul Ball, location: 2F 0-1: Ball 1-1: Foul Ball, location: 2F 1-2: Strikes out swinging
|
Batting: RHB Jon Coleman
|
0-0: SINGLE (Line Drive, 4D, EV 97.5 MPH)
|
Batting: SHB Steve Salafia
|
0-0: Called Strike 0-1: Called Strike 0-2: Ball 1-2: Strikes out swinging
|
Batting: RHB Josh Mauer
|
0-0: Fielders Choice at 2nd, 5-4 (Groundball, 56, EV 84.4 MPH)
|
Top of the 2nd over - 0 runs, 1 hit, 0 errors, 1 left on base; Vermont 0 - Everett 0 |
BOTTOM OF THE 2ND |
Everett AquaSox batting - Pitching for Vermont Lake Monsters : RHP Kyle Rasor
|
Batting: LHB Chris Jackson
|
0-0: Swinging Strike 0-1: Foul Ball, location: 2F 0-2: Strikes out swinging
|
Batting: LHB William Gonzales
|
0-0: Foul Ball, location: 2F 0-1: Swinging Strike 0-2: Strikes out swinging
|
Batting: RHB Tai Joo
|
0-0: Called Strike 0-1: Ground out 4-3 (Groundball, 34, EV 100.6 MPH)
|
Bottom of the 2nd over - 0 runs, 0 hits, 0 errors, 0 left on base; Vermont 0 - Everett 0 |
TOP OF THE 3RD |
Vermont Lake Monsters batting - Pitching for Everett AquaSox : RHP Trevor Jacobsen
|
Batting: RHB Chris Temple
|
0-0: Foul Ball, location: 2F 0-1: Foul Ball, location: 2F 0-2: Ball 1-2: Ball 2-2: Strikes out swinging
|
Batting: RHB Zachary Anderson
|
0-0: Ball 1-0: Foul Ball, location: 2F 1-1: Ball 2-1: Called Strike 2-2: Fly out, F4 (Flyball, 34D, EV 91.9 MPH)
|
Batting: LHB Brian Puccio
|
0-0: Ball 1-0: Called Strike 1-1: Foul Ball, location: 2F 1-2: Foul Ball, location: 2F 1-2: Ball 2-2: Ball 3-2: Strikes out swinging
|
Top of the 3rd over - 0 runs, 0 hits, 0 errors, 0 left on base; Vermont 0 - Everett 0 |
BOTTOM OF THE 3RD |
Everett AquaSox batting - Pitching for Vermont Lake Monsters : RHP Kyle Rasor
|
Batting: SHB Tony Morales
|
0-0: Ball 1-0: Ball 2-0: Ball 3-0: Called Strike 3-1: Base on Balls
|
Batting: RHB Jwahir Pili
|
0-0: Foul Ball, location: 2F 0-1: Swinging Strike 0-2: Strikes out looking
|
Batting: RHB James Bickel
|
0-0: Called Strike 0-1: Ball 1-1: Ball 2-1: SINGLE (Groundball, 4MD, EV 107.5 MPH) Tony Morales to second
|
Batting: RHB Heihachiro Fujita
|
0-0: Called Strike 0-1: Called Strike 0-2: Ball 1-2: Strikes out swinging
|
Batting: RHB Eddie Luna
|
0-0: Foul Ball, location: 2F 0-1: Called Strike 0-2: Ball 1-2: Ball 2-2: Strikes out swinging
|
Bottom of the 3rd over - 0 runs, 1 hit, 0 errors, 2 left on base; Vermont 0 - Everett 0 |
TOP OF THE 4TH |
Vermont Lake Monsters batting - Pitching for Everett AquaSox : RHP Trevor Jacobsen
|
Batting: RHB Sean Gould
|
0-0: Foul Ball, location: 2F 0-1: Foul Ball, location: 2F 0-2: Ball 1-2: Ground out 4-3 (Groundball, 4M, EV 103.8 MPH)
|
Batting: RHB Chris Prinzing
|
0-0: Called Strike 0-1: Ball 1-1: Ball 2-1: Swinging Strike 2-2: Strikes out looking
|
Batting: LHB Igor Ciobanu
|
0-0: Ball 1-0: Foul Ball, location: 2F 1-1: SINGLE (Line Drive, 4D, EV 104.4 MPH)
|
Batting: RHB Jon Coleman
|
0-0: Ground out 4-3 (Groundball, 4, EV 78.8 MPH)
|
Top of the 4th over - 0 runs, 1 hit, 0 errors, 1 left on base; Vermont 0 - Everett 0 |
BOTTOM OF THE 4TH |
Everett AquaSox batting - Pitching for Vermont Lake Monsters : RHP Kyle Rasor
|
Batting: RHB Marco Diaz
|
0-0: Ball 1-0: Ball 2-0: Ball 3-0: Base on Balls
|
Pitching: RHP Igoryok Wolgaevsky
|
|
Batting: LHB Chris Jackson
|
0-0: Ball 1-0: Ball 2-0: Ball 3-0: Called Strike 3-1: Base on Balls Marco Diaz to second
|
Batting: LHB William Gonzales
|
0-0: Ball 1-0: Swinging Strike 1-1: Foul Ball, location: 2F 1-2: Strikes out swinging
|
Batting: RHB Tai Joo
|
0-0: Foul Ball, location: 2F 0-1: Fly out, F7 (Flyball, 7S, EV 86.9 MPH)
|
Batting: SHB Tony Morales
|
0-0: Swinging Strike 0-1: Foul Ball, location: 2F 0-2: Ground out 2-3 (Groundball, 13S, EV 70.6 MPH)
|
Bottom of the 4th over - 0 runs, 0 hits, 0 errors, 2 left on base; Vermont 0 - Everett 0 |
TOP OF THE 5TH |
Vermont Lake Monsters batting - Pitching for Everett AquaSox : RHP Trevor Jacobsen
|
Batting: SHB Steve Salafia
|
0-0: Ball 1-0: Ball 2-0: Ball 3-0: Called Strike 3-1: Foul Ball, location: 2F 3-2: SINGLE (Line Drive, 9S, EV 86.2 MPH)
|
Batting: RHB Josh Mauer
|
0-0: Fielders Choice at 2nd, 6-4 (Groundball, 6M, EV 85.6 MPH)
|
Batting: RHB Chris Temple
|
0-0: Ball 1-0: Foul Ball, location: 2F 1-1: Foul Ball, location: 2F 1-2: Foul Ball, location: 2F 1-2: Ball 2-2: Strikes out swinging
|
Batting: RHB Zachary Anderson
|
0-0: Called Strike 0-1: Ball 1-1: Fielders Choice at 2nd, U4 (Groundball, 4M, EV 91.2 MPH)
|
Top of the 5th over - 0 runs, 1 hit, 0 errors, 1 left on base; Vermont 0 - Everett 0 |
BOTTOM OF THE 5TH |
Everett AquaSox batting - Pitching for Vermont Lake Monsters : RHP Igoryok Wolgaevsky
|
Batting: RHB Jwahir Pili
|
0-0: Swinging Strike 0-1: Called Strike 0-2: Ball 1-2: Foul Ball, location: 2F 1-2: Foul Ball, location: 2F 1-2: Foul Ball, location: 2F 1-2: Foul Ball, location: 2F 1-2: Ball 2-2: Strikes out swinging
|
Batting: RHB James Bickel
|
0-0: Ball 1-0: Swinging Strike 1-1: Swinging Strike 1-2: Strikes out swinging
|
Batting: RHB Heihachiro Fujita
|
0-0: Ball 1-0: Ball 2-0: Ball 3-0: Base on Balls
|
Pitching: RHP Pedro Taveras
|
|
Batting: RHB Eddie Luna
|
0-0: Called Strike 0-1: Called Strike 0-2: Fly out, F7 (Line Drive, 7, EV 92.5 MPH)
|
Bottom of the 5th over - 0 runs, 0 hits, 0 errors, 1 left on base; Vermont 0 - Everett 0 |
TOP OF THE 6TH |
Vermont Lake Monsters batting - Pitching for Everett AquaSox : RHP Trevor Jacobsen
|
Pitching: LHP Chris Wheeler
|
|
Batting: LHB Brian Puccio
|
0-0: Foul Ball, location: 2F 0-1: Called Strike 0-2: Foul Ball, location: 2F 0-2: Foul Ball, location: 2F 0-2: SOLO HOME RUN (Flyball, 78XD, EV 99.4 MPH), Distance : 386 ft
|
Batting: RHB Sean Gould
|
0-0: Called Strike 0-1: Ball 1-1: Called Strike 1-2: Foul Ball, location: 2F 1-2: Hit by Pitch
|
Batting: RHB Chris Prinzing
|
0-0: Ball 1-0: Foul Ball, location: 2F 1-1: Ball 2-1: Fly out, F9 (Flyball, 89M, EV 80.0 MPH)
|
Batting: LHB Igor Ciobanu
|
0-0: Ball 1-0: Ball 2-0: Ball 3-0: Called Strike 3-1: Base on Balls Sean Gould to second
|
Batting: RHB Jon Coleman
|
0-0: Called Strike 0-1: Ball 1-1: Ball 2-1: Grounds into double play, 6-4-3 (Groundball, 6, EV 108.8 MPH)
|
Top of the 6th over - 1 run, 1 hit, 0 errors, 1 left on base; Vermont 1 - Everett 0 |
BOTTOM OF THE 6TH |
Everett AquaSox batting - Pitching for Vermont Lake Monsters : RHP Pedro Taveras
|
Batting: RHB Marco Diaz
|
0-0: Ball 1-0: Ball 2-0: Ball 3-0: Called Strike 3-1: Called Strike 3-2: Foul Ball, location: 2F 3-2: Strikes out swinging
|
Batting: LHB Chris Jackson
|
0-0: Ball 1-0: Fly out, F6 (Popup, 6M, EV 72.5 MPH)
|
Batting: LHB William Gonzales
|
0-0: Called Strike 0-1: Called Strike 0-2: Ball 1-2: Ball 2-2: Ball 3-2: Foul Ball, location: 2F 3-2: Ground out 5-3 (Groundball, 56, EV 92.5 MPH)
|
Bottom of the 6th over - 0 runs, 0 hits, 0 errors, 0 left on base; Vermont 1 - Everett 0 |
TOP OF THE 7TH |
Vermont Lake Monsters batting - Pitching for Everett AquaSox : LHP Chris Wheeler
|
Batting: SHB Steve Salafia
|
0-0: Ball 1-0: Foul Ball, location: 2F 1-1: Called Strike 1-2: Ground out 6-3 (Groundball, 6, EV 80.0 MPH)
|
Batting: RHB Josh Mauer
|
0-0: Called Strike 0-1: Foul Ball, location: 2F 0-2: Strikes out swinging
|
Batting: RHB Chris Temple
|
0-0: Ball 1-0: Ground out 6-3 (Groundball, 56, EV 101.2 MPH)
|
Top of the 7th over - 0 runs, 0 hits, 0 errors, 0 left on base; Vermont 1 - Everett 0 |
BOTTOM OF THE 7TH |
Everett AquaSox batting - Pitching for Vermont Lake Monsters : RHP Pedro Taveras
|
Batting: RHB Tai Joo
|
0-0: SINGLE (Flyball, 3D, EV 95.0 MPH)
|
Batting: SHB Tony Morales
|
0-0: Fielders Choice at 2nd, 6-4 (Groundball, 6, EV 83.1 MPH)
|
Batting: RHB Jwahir Pili
|
0-0: Ball Tony Morales steals 2nd base 1-0: Ball 2-0: Called Strike 2-1: Swinging Strike 2-2: Strikes out swinging
|
Pitching: RHP John Harrell
|
|
Batting: RHB James Bickel
|
0-0: Called Strike 0-1: Ball 1-1: Called Strike 1-2: Strikes out swinging
|
Bottom of the 7th over - 0 runs, 1 hit, 0 errors, 1 left on base; Vermont 1 - Everett 0 |
TOP OF THE 8TH |
Vermont Lake Monsters batting - Pitching for Everett AquaSox : LHP Chris Wheeler
|
Pitching: RHP Jamie Johnston
|
|
Pinch Hitting: LHB Nate Melendez
|
0-0: Ball 1-0: SINGLE (Groundball, 34D, EV 106.2 MPH)
|
Batting: LHB Brian Puccio
|
0-0: Ball Nate Melendez steals 2nd base 1-0: Foul Ball, location: 2F 1-1: Ball 2-1: Ground out 4-3 (Groundball, 4, EV 92.5 MPH) Nate Melendez to third
|
Batting: RHB Sean Gould
|
0-0: Intentional Walk
|
Batting: RHB Chris Prinzing
|
0-0: Ball 1-0: Ball 2-0: Fielders Choice at 2nd, 4-6 (Groundball, 4M, EV 99.4 MPH) Nate Melendez scores
|
Batting: LHB Igor Ciobanu
|
0-0: Ball 1-0: Ball 2-0: Ball 3-0: Called Strike 3-1: Base on Balls Chris Prinzing to second
|
Batting: RHB Jon Coleman
|
0-0: Foul Ball, location: 2F 0-1: Ball 1-1: Foul Ball, location: 2F 1-2: Foul Ball, location: 2F 1-2: Strikes out swinging
|
Top of the 8th over - 1 run, 1 hit, 0 errors, 2 left on base; Vermont 2 - Everett 0 |
BOTTOM OF THE 8TH |
Everett AquaSox batting - Pitching for Vermont Lake Monsters : RHP John Harrell
|
Now at 3B: Alberto Malagon
|
|
Batting: RHB Heihachiro Fujita
|
0-0: Ball 1-0: Swinging Strike 1-1: Foul Ball, location: 2F 1-2: Strikes out swinging
|
Batting: RHB Eddie Luna
|
0-0: Ball 1-0: Ground out 6-3 (Groundball, 6S, EV 83.1 MPH)
|
Batting: RHB Marco Diaz
|
0-0: Swinging Strike 0-1: Ball 1-1: Foul Ball, location: 2F 1-2: Ball 2-2: Strikes out swinging
|
Bottom of the 8th over - 0 runs, 0 hits, 0 errors, 0 left on base; Vermont 2 - Everett 0 |
TOP OF THE 9TH |
Vermont Lake Monsters batting - Pitching for Everett AquaSox : RHP Jamie Johnston
|
Batting: SHB Steve Salafia
|
0-0: Ball 1-0: Called Strike 1-1: Called Strike 1-2: Ground out 4-3 (Groundball, 4, EV 83.8 MPH)
|
Batting: RHB Josh Mauer
|
0-0: Called Strike 0-1: Called Strike 0-2: Ball 1-2: Ball 2-2: Strikes out looking
|
Batting: RHB Chris Temple
|
0-0: SINGLE (Groundball, 6MD, EV 104.4 MPH)
|
Batting: RHB Alberto Malagon
|
0-0: Ball 1-0: Ball 2-0: Called Strike 2-1: Foul Ball, location: 2F 2-2: Strikes out swinging
|
Top of the 9th over - 0 runs, 1 hit, 0 errors, 1 left on base; Vermont 2 - Everett 0 |
BOTTOM OF THE 9TH |
Everett AquaSox batting - Pitching for Vermont Lake Monsters : RHP John Harrell
|
Batting: LHB Chris Jackson
|
0-0: TRIPLE (Flyball, 78XD, EV 106.2 MPH)
|
Batting: LHB William Gonzales
|
0-0: Fly out, F8 (Flyball, 8RD, EV 94.4 MPH) Runner from 3rd tags up, SCORES, no throw by CF
|
Batting: RHB Tai Joo
|
0-0: Foul Ball, location: 2F 0-1: Ball 1-1: Foul Ball, location: 2F 1-2: Ball 2-2: Strikes out swinging
|
Batting: SHB Tony Morales
|
0-0: Called Strike 0-1: Ball 1-1: Ball 2-1: Swinging Strike 2-2: Foul Ball, location: 2F 2-2: Ground out 6-3 (Groundball, 6, EV 103.8 MPH)
|
Bottom of the 9th over - 1 run, 1 hit, 0 errors, 0 left on base; Vermont 2 - Everett 1 |
|